TOP OF THE 1ST |
Intercourse Amish batting - Pitching for Wilmington Rebels : RHP Landon Bailey
|
Pitching: RHP Landon Bailey
|
|
Batting: LHB Jesús Raugel
|
0-0: Ball 1-0: Ball 2-0: Foul Ball, location: 2F 2-1: DOUBLE (Line Drive, 8RD)
|
Batting: LHB Carlos De La Rosa
|
0-0: Called Strike 0-1: Swinging Strike 0-2: Ball 1-2: Ground out 4-3 (Groundball, 4) Jesús Raugel to third
|
Batting: RHB Júlio Serra
|
0-0: Ball 1-0: Called Strike 1-1: Ball 2-1: Foul Ball, location: 2F 2-2: Ball 3-2: Base on Balls
|
Batting: RHB Gustavo Rodríguez
|
0-0: Called Strike 0-1: Ball 1-1: Swinging Strike 1-2: SINGLE (Flyball, 7LM) Jesús Raugel scores Júlio Serra to second
|
Batting: RHB Frank Maxwell
|
0-0: Ball Júlio Serra is caught stealing 3rd base 1-0: Fly out, F8 (Flyball, 8RD)
|
Top of the 1st over - 1 run, 2 hits, 0 errors, 1 left on base; Intercourse 1 - Wilmington 0 |
BOTTOM OF THE 1ST |
Wilmington Rebels batting - Pitching for Intercourse Amish : LHP Miguel Meneces
|
Pitching: LHP Miguel Meneces
|
|
Batting: RHB Guillermo González
|
0-0: Foul Ball, location: 2F 0-1: Called Strike 0-2: Ball 1-2: Ball 2-2: Foul Ball, location: 2F 2-2: SINGLE (Groundball, 6MD)
|
Batting: RHB Pedro Zavala
|
0-0: Ball 1-0: Ball 2-0: Foul Ball, location: 2F 2-1: SINGLE (Line Drive, 6D) Guillermo González to second
|
Batting: RHB Henry Dawson
|
0-0: Ball 1-0: Called Strike 1-1: Called Strike 1-2: Ball 2-2: Ball 3-2: Base on Balls Guillermo González to third Pedro Zavala to second
|
Batting: RHB Pedro Sandoval
|
0-0: SINGLE (Line Drive, 6D) Guillermo González scores Pedro Zavala to third Henry Dawson to second
|
Batting: LHB Guillermo Santos
|
0-0: Fly out, F4 (Popup, 4S)
|
Batting: RHB Andrew Deal
|
0-0: Called Strike 0-1: Called Strike 0-2: Ball 1-2: Ball 2-2: Foul Ball, location: 2F 2-2: Strikes out swinging
|
Batting: LHB Seth Sullivan
|
0-0: Called Strike 0-1: SINGLE (Line Drive, 9LM) Pedro Zavala scores Henry Dawson to third Pedro Sandoval to second Runner from 3rd tries for Home, SAFE, throw made home
|
Batting: LHB Marv Alexander
|
0-0: Ball 1-0: Ball 2-0: Foul Ball, location: 2F 2-1: Ball 3-1: Called Strike 3-2: Fly out, F7 (Flyball, 7LD)
|
Bottom of the 1st over - 3 runs, 4 hits, 0 errors, 2 left on base; Intercourse 1 - Wilmington 3 |
TOP OF THE 2ND |
Intercourse Amish batting - Pitching for Wilmington Rebels : RHP Landon Bailey
|
Batting: SHB Conan Hanson
|
0-0: Ball 1-0: Ball 2-0: Ball 3-0: Base on Balls
|
Batting: LHB Bruce Foster
|
0-0: Ball 1-0: Foul Ball, location: 2F 1-1: Ball 2-1: Called Strike 2-2: Strikes out swinging
|
Batting: RHB Esteban Ayala
|
0-0: Fly out, F9 (Flyball, 9LMF)
|
Batting: RHB Roberto Solís
|
0-0: Called Strike 0-1: Ball 1-1: Ball 2-1: DOUBLE (Line Drive, 8RD) Conan Hanson to third
|
Batting: LHB Jesús Raugel
|
0-0: Called Strike 0-1: Ball 1-1: Swinging Strike 1-2: Strikes out looking
|
Top of the 2nd over - 0 runs, 1 hit, 0 errors, 2 left on base; Intercourse 1 - Wilmington 3 |
BOTTOM OF THE 2ND |
Wilmington Rebels batting - Pitching for Intercourse Amish : LHP Miguel Meneces
|
Batting: RHB Brian McCoy
|
0-0: Called Strike 0-1: Foul Ball, location: 2F 0-2: Hit by Pitch
|
Batting: RHB Guillermo González
|
0-0: Ball 1-0: Ball 2-0: SINGLE (Groundball, 56D) Brian McCoy to second
|
Batting: RHB Pedro Zavala
|
0-0: Foul Ball, location: 2F 0-1: Ball 1-1: Ball 2-1: Called Strike 2-2: Strikes out looking
|
Batting: RHB Henry Dawson
|
0-0: Foul Ball, location: 2F 0-1: Ball 1-1: Ball 2-1: Ball 3-1: Base on Balls Brian McCoy to third Guillermo González to second
|
Batting: RHB Pedro Sandoval
|
0-0: Grounds into fielders choice 1-2 (Groundball, 15) Guillermo González to third Henry Dawson to second
|
Batting: LHB Guillermo Santos
|
0-0: Called Strike 0-1: Swinging Strike 0-2: SINGLE (Line Drive, 8RS) Guillermo González scores Henry Dawson to third Pedro Sandoval to second
|
Batting: RHB Andrew Deal
|
0-0: Called Strike 0-1: Ball 1-1: Foul Ball, location: 2F 1-2: Strikes out swinging
|
Bottom of the 2nd over - 1 run, 2 hits, 0 errors, 3 left on base; Intercourse 1 - Wilmington 4 |
TOP OF THE 3RD |
Intercourse Amish batting - Pitching for Wilmington Rebels : RHP Landon Bailey
|
Batting: LHB Carlos De La Rosa
|
0-0: Ground out U3 (Groundball, 3L)
|
Batting: RHB Júlio Serra
|
0-0: Ball 1-0: Swinging Strike 1-1: SINGLE (Line Drive, 8RS)
|
Batting: RHB Gustavo Rodríguez
|
0-0: Called Strike Júlio Serra is caught stealing 2nd base 0-1: Swinging Strike 0-2: Ground out U3 (Groundball, 34)
|
Top of the 3rd over - 0 runs, 1 hit, 0 errors, 0 left on base; Intercourse 1 - Wilmington 4 |
BOTTOM OF THE 3RD |
Wilmington Rebels batting - Pitching for Intercourse Amish : LHP Miguel Meneces
|
Batting: LHB Seth Sullivan
|
0-0: Ball 1-0: Foul Ball, location: 2F 1-1: Foul Ball, location: 2F 1-2: Foul Ball, location: 2F 1-2: Ball 2-2: Ball 3-2: Strikes out swinging
|
Batting: LHB Marv Alexander
|
0-0: Called Strike 0-1: Ball 1-1: Ground out U3 (Groundball, 34)
|
Batting: RHB Brian McCoy
|
0-0: Ball 1-0: Fly out, F9 (Flyball, 9LS)
|
Bottom of the 3rd over - 0 runs, 0 hits, 0 errors, 0 left on base; Intercourse 1 - Wilmington 4 |
TOP OF THE 4TH |
Intercourse Amish batting - Pitching for Wilmington Rebels : RHP Landon Bailey
|
Batting: RHB Frank Maxwell
|
0-0: Called Strike 0-1: Ball 1-1: Ground out 6-3 (Groundball, 6)
|
Batting: SHB Conan Hanson
|
0-0: Swinging Strike 0-1: Ball 1-1: Foul Ball, location: 2F 1-2: Fly out, F8 (Flyball, 8LD)
|
Batting: LHB Bruce Foster
|
0-0: Called Strike 0-1: Ball 1-1: Ball 2-1: Swinging Strike 2-2: Strikes out swinging
|
Top of the 4th over - 0 runs, 0 hits, 0 errors, 0 left on base; Intercourse 1 - Wilmington 4 |
BOTTOM OF THE 4TH |
Wilmington Rebels batting - Pitching for Intercourse Amish : LHP Miguel Meneces
|
Batting: RHB Guillermo González
|
0-0: Called Strike 0-1: Fly out, F3 (Popup, 3S)
|
Batting: RHB Pedro Zavala
|
0-0: Ball 1-0: Called Strike 1-1: SINGLE (Flyball, 7LS)
|
Batting: RHB Henry Dawson
|
0-0: Swinging Strike 0-1: Called Strike 0-2: Ball 1-2: Ball 2-2: Ball 3-2: Fly out, F8 (Flyball, 8LM)
|
Batting: RHB Pedro Sandoval
|
0-0: Foul Ball, location: 2F 0-1: Ball 1-1: Foul Ball, location: 2F 1-2: Ball 2-2: Ball 3-2: Base on Balls Pedro Zavala to second
|
Batting: LHB Guillermo Santos
|
0-0: Called Strike 0-1: SINGLE (Line Drive, 8RS) Pedro Zavala to third Pedro Sandoval to second
|
Batting: RHB Andrew Deal
|
0-0: Called Strike 0-1: Foul Ball, location: 2F 0-2: Ball 1-2: Foul Ball, location: 2F 1-2: Ball 2-2: Ball 3-2: Base on Balls Pedro Zavala scores Pedro Sandoval to third Guillermo Santos to second
|
Pitching: RHP David Nanod
|
|
Batting: LHB Seth Sullivan
|
0-0: Called Strike 0-1: Ground out U3 (Groundball, 3)
|
Bottom of the 4th over - 1 run, 2 hits, 0 errors, 3 left on base; Intercourse 1 - Wilmington 5 |
TOP OF THE 5TH |
Intercourse Amish batting - Pitching for Wilmington Rebels : RHP Landon Bailey
|
Batting: RHB Esteban Ayala
|
0-0: Ball 1-0: Ground out 5-3 (Groundball, 5L)
|
Batting: RHB Roberto Solís
|
0-0: Ball 1-0: Foul Ball, location: 2F 1-1: Swinging Strike 1-2: Strikes out looking
|
Batting: LHB Jesús Raugel
|
0-0: Swinging Strike 0-1: Ground out 4-3 (Groundball, 34D)
|
Top of the 5th over - 0 runs, 0 hits, 0 errors, 0 left on base; Intercourse 1 - Wilmington 5 |
BOTTOM OF THE 5TH |
Wilmington Rebels batting - Pitching for Intercourse Amish : RHP David Nanod
|
Batting: LHB Marv Alexander
|
0-0: Ground out U3 (Groundball, 34)
|
Batting: RHB Brian McCoy
|
0-0: Ball 1-0: Ball 2-0: Foul Ball, location: 2F 2-1: Called Strike 2-2: Foul Ball, location: 2F 2-2: Ball 3-2: Strikes out swinging
|
Batting: RHB Guillermo González
|
0-0: Called Strike 0-1: Ball 1-1: Ball 2-1: Ball 3-1: Base on Balls
|
Batting: RHB Pedro Zavala
|
0-0: Ball 1-0: Ball 2-0: Called Strike 2-1: Called Strike 2-2: Strikes out swinging
|
Bottom of the 5th over - 0 runs, 0 hits, 0 errors, 1 left on base; Intercourse 1 - Wilmington 5 |
TOP OF THE 6TH |
Intercourse Amish batting - Pitching for Wilmington Rebels : RHP Landon Bailey
|
Batting: LHB Carlos De La Rosa
|
0-0: Ball 1-0: Ball 2-0: Ball 3-0: Called Strike 3-1: Fly out, F7 (Flyball, 7S)
|
Batting: RHB Júlio Serra
|
0-0: Called Strike 0-1: Ball 1-1: SINGLE (Line Drive, 4MD)
|
Batting: RHB Gustavo Rodríguez
|
0-0: Foul Ball, location: 2F 0-1: Ball Júlio Serra is caught stealing 2nd base 1-1: Foul Ball, location: 2F 1-2: Foul Ball, location: 2F 1-2: Fly out, F9 (Flyball, 9S)
|
Top of the 6th over - 0 runs, 1 hit, 0 errors, 0 left on base; Intercourse 1 - Wilmington 5 |
BOTTOM OF THE 6TH |
Wilmington Rebels batting - Pitching for Intercourse Amish : RHP David Nanod
|
Batting: RHB Henry Dawson
|
0-0: Ground out 6-3 (Groundball, 6)
|
Batting: RHB Pedro Sandoval
|
0-0: Ball 1-0: Ball 2-0: Ball 3-0: Called Strike 3-1: Base on Balls
|
Batting: LHB Guillermo Santos
|
0-0: Called Strike 0-1: SINGLE (Line Drive, 34D) Pedro Sandoval to second
|
Batting: RHB Andrew Deal
|
0-0: Ball 1-0: Ball 2-0: Called Strike 2-1: Ball 3-1: SINGLE (Flyball, 9LS) Pedro Sandoval to third Guillermo Santos to second Runner from 3rd tries for Home, SAFE, no throw
|
Batting: LHB Seth Sullivan
|
0-0: Ball Guillermo Santos steals 3rd base Andrew Deal to second 1-0: Ball 2-0: Ball 3-0: Called Strike 3-1: Foul Ball, location: 2F 3-2: Foul Ball, location: 2F 3-2: Foul Ball, location: 2F 3-2: Base on Balls
|
Batting: LHB Marv Alexander
|
0-0: Ball 1-0: GRAND SLAM HOME RUN (Flyball, 9D), Distance : 379 ft
|
Batting: RHB Brian McCoy
|
0-0: Called Strike 0-1: Fly out, F8 (Line Drive, 8LM)
|
Batting: RHB Guillermo González
|
0-0: Swinging Strike 0-1: Ball 1-1: Ground out 5-3 (Groundball, 56)
|
Bottom of the 6th over - 5 runs, 3 hits, 0 errors, 0 left on base; Intercourse 1 - Wilmington 10 |
TOP OF THE 7TH |
Intercourse Amish batting - Pitching for Wilmington Rebels : RHP Landon Bailey
|
Batting: RHB Frank Maxwell
|
0-0: Fly out, F8 (Flyball, 89XD)
|
Batting: SHB Conan Hanson
|
0-0: Ball 1-0: Ball 2-0: Ball 3-0: Called Strike 3-1: Base on Balls
|
Batting: LHB Bruce Foster
|
0-0: Swinging Strike 0-1: Foul Ball, location: 2F 0-2: Ball 1-2: SINGLE (Line Drive, 9S) Conan Hanson to second Runner from 2nd tries for 3rd, SAFE, no throw
|
Batting: RHB Esteban Ayala
|
0-0: Ball 1-0: Foul Ball, location: 2F 1-1: Ball 2-1: Called Strike 2-2: Strikes out swinging
|
Batting: RHB Roberto Solís
|
0-0: Ball 1-0: Called Strike 1-1: Called Strike 1-2: Ball 2-2: Strikes out swinging
|
Top of the 7th over - 0 runs, 1 hit, 0 errors, 2 left on base; Intercourse 1 - Wilmington 10 |
BOTTOM OF THE 7TH |
Wilmington Rebels batting - Pitching for Intercourse Amish : RHP David Nanod
|
Batting: RHB Pedro Zavala
|
0-0: Swinging Strike 0-1: Called Strike 0-2: Ball 1-2: Ball 2-2: Foul Ball, location: 2F 2-2: Foul Ball, location: 2F 2-2: Ball 3-2: Strikes out looking
|
Batting: RHB Henry Dawson
|
0-0: Called Strike 0-1: Ball 1-1: Ball 2-1: Foul Ball, location: 2F 2-2: Strikes out swinging
|
Batting: RHB Pedro Sandoval
|
0-0: Ball 1-0: Ground out 6-3 (Groundball, 6)
|
Bottom of the 7th over - 0 runs, 0 hits, 0 errors, 0 left on base; Intercourse 1 - Wilmington 10 |
TOP OF THE 8TH |
Intercourse Amish batting - Pitching for Wilmington Rebels : RHP Landon Bailey
|
Pitching: LHP Nathan Armstrong
|
|
Now at 2B: Ivan Costello
|
|
Batting: LHB Jesús Raugel
|
0-0: Hit by Pitch
|
Batting: LHB Carlos De La Rosa
|
0-0: Foul Ball, location: 2F 0-1: Foul Ball, location: 2F 0-2: Ball 1-2: Strikes out swinging
|
Batting: RHB Júlio Serra
|
0-0: Fly out, F8 (Flyball, 8LM)
|
Batting: RHB Gustavo Rodríguez
|
0-0: Called Strike 0-1: Ball 1-1: Called Strike 1-2: Foul Ball, location: 2F 1-2: Strikes out looking
|
Top of the 8th over - 0 runs, 0 hits, 0 errors, 1 left on base; Intercourse 1 - Wilmington 10 |
BOTTOM OF THE 8TH |
Wilmington Rebels batting - Pitching for Intercourse Amish : RHP David Nanod
|
Batting: LHB Guillermo Santos
|
0-0: Swinging Strike 0-1: Ball 1-1: Ball 2-1: Foul Ball, location: 2F 2-2: Foul Ball, location: 2F 2-2: Ball 3-2: Base on Balls
|
Pitching: LHP Rodrigo Álvarez
|
|
Batting: RHB Andrew Deal
|
0-0: Ball 1-0: SINGLE (Groundball, 6) (infield hit) Guillermo Santos to second
|
Batting: LHB Seth Sullivan
|
0-0: Called Strike 0-1: Ball 1-1: Foul Ball, location: 2F 1-2: Ground out 6-3 (Groundball, 6S) Guillermo Santos to third Andrew Deal to second
|
Batting: LHB Marv Alexander
|
0-0: Called Strike 0-1: Swinging Strike 0-2: Ball 1-2: SINGLE (Flyball, 8RS) Guillermo Santos scores Andrew Deal to third Runner from 3rd tries for Home, SAFE, throw made home
|
Batting: RHB Brian McCoy
|
0-0: Called Strike Throwing error on steal attempt, E2 Marv Alexander to third 0-1: Swinging Strike 0-2: Ball 1-2: Ball 2-2: Fly out, F3 (Popup, 3S)
|
Batting: RHB Guillermo González
|
0-0: Ground out 6-3 (Groundball, 6M)
|
Bottom of the 8th over - 2 runs, 2 hits, 1 error, 1 left on base; Intercourse 1 - Wilmington 12 |
TOP OF THE 9TH |
Intercourse Amish batting - Pitching for Wilmington Rebels : LHP Nathan Armstrong
|
Now at C: Juan Jose Mendoza
|
|
Batting: RHB Frank Maxwell
|
0-0: Called Strike 0-1: Ball 1-1: Foul Ball, location: 2F 1-2: Fly out, F4 (Line Drive, 4)
|
Batting: SHB Conan Hanson
|
0-0: Foul Ball, location: 2F 0-1: Foul Ball, location: 2F 0-2: Ball 1-2: Strikes out swinging
|
Batting: LHB Bruce Foster
|
0-0: Swinging Strike 0-1: Foul Ball, location: 2F 0-2: Strikes out swinging
|
Top of the 9th over - 0 runs, 0 hits, 0 errors, 0 left on base; Intercourse 1 - Wilmington 12 |
|